[Event "Late-Titled-Tuesday-Blitz-September-26-2023"]
[Site "Chess.com"]
[Date "2023.09.26"]
[Round "9"]
[White "Flawless_Fighter"]
[Black "TatjanaVasilevich"]
[Result "0-1"]
[WhiteElo "2752"]
[BlackElo "2585"]
[TimeControl "180+1"]
[EndTime "15:36:43 PDT"]
[Termination "TatjanaVasilevich won by resignation"]

1. f4 e5 2. fxe5 d6 3. Nf3 dxe5 4. Nxe5 Bd6 5. d4 Bxe5 6. dxe5 Qxd1+ 7. Kxd1 Nc6 8. Bf4 Nge7 9. e3 Ng6 10. Bb5 Bd7 11.
Nc3 O-O-O 12. Ke2 Rhe8 13. Rad1 Bg4+ 14. Kf2 Bxd1 15. Nxd1 Rd2+ 16. Kf3 Ngxe5+ 17. Bxe5 Nxe5+ 18. Ke4 c6 19. Ba4 Nc4+ 20. Kf4 Rxg2 21. Bb3 Ne5 22.
Nc3 Rf2+ 23. Kg3 Rf3+ 24. Kg2 Rxe3 25. Rf1 f6 26. Rf4 Ng6 27. Ra4 a6 28. Rb4 Kc7 29.
a4 R3e5 30. h3 Rg5+ 31. Kf2 Rf5+ 32. Kg2 Rf4 0-1

[Event "Late-Titled-Tuesday-Blitz-September-26-2023"]
[Site "Chess.com"]
[Date "2023.09.26"]
[Round "9"]
[White "GothamChess"]
[Black "WPWPWP-2015"]
[Result "1-0"]
[WhiteElo "2697"]
[BlackElo "2499"]
[TimeControl "180+1"]
[EndTime "15:37:59 PDT"]
[Termination "GothamChess won by resignation"]

1. d4 Nf6 2. Bg5 e6 3. Nd2 h6 4. Bh4 d5 5. e3 Be7 6. Bd3 O-O 7.
Bxf6 Bxf6 8. f4 c5 9. c3 b6 10. Qe2 c4 11. Bc2 Bb7 12. Ngf3 Nc6 13.
g4 Bh4+ 14. Kf1 Be7 15. g5 f5 16. gxf6 Bxf6 17. Rg1 Qe8 18. Kg2 Qh5 19. Kh1 Ne7 20.
Rg2 Nf5 21. Rag1 Rae8 22. Qf2 Nd6 23. Bg6 Qh3 24. Rg3 Bh4 25. Nxh4 Qxh4 26. Bxe8 g5 27. Rxg5+ 1-0

[Event "Late-Titled-Tuesday-Blitz-September-26-2023"]
[Site "Chess.com"]
[Date "2023.09.26"]
[Round "9"]
[White "YellowJacek"]
[Black "AsaHoffmann"]
[Result "0-1"]
[WhiteElo "2316"]
[BlackElo "2405"]
[TimeControl "180+1"]
[EndTime "15:38:06 PDT"]
[Termination "AsaHoffmann won by resignation"]

1. e4 d6 2. d4 Nf6 3. Nc3 c6 4.
f4 Qa5 5. e5 Ne4 6. Bd3 Nxc3 7.
Qd2 d5 8. bxc3 g6 9. c4 Qxd2+ 10.
Bxd2 dxc4 11. Bxc4 Bf5 12. c3 e6 13. Nf3 Nd7 14.
Kf2 Nb6 15. Be2 h5 16. h3 c5 17. Ng5 Be7 18. g4 Bxg5 19. fxg5 Be4 20. Bf3 Bxf3 21. Kxf3 hxg4+ 22. hxg4 O-O-O 23. Ke4 Nc4 24. Bf4 Kc7 25. Rh6 Kc6 26. Rah1 Rhf8 27. Rh7 cxd4 28. cxd4 Rd7 29. Rd1 b5 30. Bg3 a5 31. Be1 b4 32. Bf2 Kb5 33.
Bg1 a4 34. Rf1 b3 35. axb3 axb3 36. Kd3 b2 37. Kc3 Rc8 38. Kb3 Nd2+ 0-1

[Event "Late-Titled-Tuesday-Blitz-September-26-2023"]
[Site "Chess.com"]
[Date "2023.09.26"]
[Round "9"]
[White "acertijo08"]
[Black "pedromartinez91"]
[Result "1-0"]
[WhiteElo "2412"]
[BlackElo "2539"]
[TimeControl "180+1"]
[EndTime "15:38:15 PDT"]
[Termination "acertijo08 won by resignation"]

1. e4 c5 2. Nf3 Nc6 3. d4 cxd4 4.
Nxd4 d5 5. Bb5 dxe4 6. O-O Bd7 7. Nxc6 Bxc6 8. Bxc6+ bxc6 9. Qe2 Nf6 10. Nc3 e6 11.
Nxe4 Be7 12. Bf4 Nd5 13. Be5 f6 14. Bg3 e5 15. Rad1 Qb6 16. c4 Nc7 17. Qg4 O-O 18.
Qd7 Rfe8 19. b3 Rad8 20. Qg4 Qb7 21. h4 Qc8 22. Qf3 Ne6 23. h5 Nd4 24. Qe3 f5 25.
Bxe5 Nc2 26. Qg3 Bf8 27. Nf6+ Kh8 28. Nxe8 Rxe8 29. h6 1-0

[Event "Late-Titled-Tuesday-Blitz-September-26-2023"]
[Site "Chess.com"]
[Date "2023.09.26"]
[Round "9"]
[White "Roedor"]
[Black "KaydenTroffChess"]
[Result "0-1"]
[WhiteElo "2390"]
[BlackElo "2754"]
[TimeControl "180+1"]
[EndTime "15:38:29 PDT"]
[Termination "KaydenTroffChess won by resignation"]

1. d4 Nf6 2. c4 g6 3. g3 c5 4. Nf3 cxd4 5. Nxd4 Bg7 6. Bg2 Nc6 7. Nc3 O-O 8. O-O Nxd4 9. Qxd4 d6 10. Qd3 Bf5 11. e4 Be6 12. Bd2 a6 13. Rac1 b5 14.
cxb5 axb5 15. a3 Bc4 16. Qc2 Bxf1 17. Bxf1 Qb6 18. Be3 Qb7 19. Bxb5 Rfc8 20. Bd3 Ng4 21. Bd2 Bd4 22. Be1 Ne5 23. Be2 Rab8 24. Rb1 Qb3 25. Qxb3 Rxb3 26. Nd5 Kf8 27. Bc3 Bxc3 28. Nxc3 Rcxc3 0-1

[Event "Late-Titled-Tuesday-Blitz-September-26-2023"]
[Site "Chess.com"]
[Date "2023.09.26"]
[Round "9"]
[White "The_Straightforward_Rook"]
[Black "jaskol95"]
[Result "1-0"]
[WhiteElo "2544"]
[BlackElo "2619"]
[TimeControl "180+1"]
[EndTime "15:38:30 PDT"]
[Termination "The_Straightforward_Rook won by resignation"]

1. d4 d5 2. Nf3 Nf6 3. c4 c6 4.
cxd5 cxd5 5. Nc3 Nc6 6. Bf4 Bf5 7. Qb3 e6 8. Qxb7 Nb4 9. e3 Bd3 10. Ne5 Nc2+ 11. Kd2 Be7 12. Bxd3 Nxa1 13. Nc6 Nb3+ 14.
axb3 O-O 15. Nxd8 Bxd8 16. Qxa8 Ne4+ 17. Bxe4 dxe4 18. Bd6 1-0

[Event "Late-Titled-Tuesday-Blitz-September-26-2023"]
[Site "Chess.com"]
[Date "2023.09.26"]
[Round "9"]
[White "fyall777"]
[Black "0gZPanda"]
[Result "0-1"]
[WhiteElo "2594"]
[BlackElo "3019"]
[TimeControl "180+1"]
[EndTime "15:38:40 PDT"]
[Termination "0gZPanda won on time"]

1. e4 c5 2. f4 d5 3. exd5 Qxd5 4. Nc3 Qd8 5. Nf3 Nc6 6. Bb5 Bd7 7. O-O e6 8. d3 Nge7 9. Ne4 Nd5 10. c3 Be7 11.
Bxc6 Bxc6 12. Ne5 Rc8 13. f5 exf5 14. Rxf5 O-O 15. Nxc6 Rxc6 16. Qf3 Nf6 17. Nxf6+ Bxf6 18. Bf4 Qb6 19. Qf2 Rd8 20. Re1 h6 21. Be5 Bxe5 22. Rexe5 f6 23. Re3 Rcd6 24. h3 Rxd3 25. Rxd3 Rxd3 26.
Rxc5 Rd1+ 27. Kh2 Qd6+ 0-1

[Event "Late-Titled-Tuesday-Blitz-September-26-2023"]
[Site "Chess.com"]
[Date "2023.09.26"]
[Round "9"]
[White "Berardino"]
[Black "JG-17"]
[Result "1-0"]
[WhiteElo "2645"]
[BlackElo "2524"]
[TimeControl "180+1"]
[EndTime "15:39:04 PDT"]
[Termination "Berardino won by resignation"]

1. e4 c5 2. Nf3 d6 3. d4 cxd4 4. Nxd4 Nf6 5. Nc3 g6 6. Be3 Nc6 7. f3 h5 8. Bc4 Ne5 9. Bb3 Bg7 10. Qd2 Bd7 11. O-O-O Rc8 12. Kb1 Nc4 13. Bxc4 Rxc4 14.
Nd5 h4 15. c3 Rh5 16. Bg5 Qa5 17. Nb3 Qb5 18. Nxf6+ exf6 19. Bf4 d5 20. exd5 Qa4 21.
Bd6 Bf5+ 22. Ka1 Qxa2+ 23. Kxa2 Ra4+ 24. Ba3 1-0

[Event "Late-Titled-Tuesday-Blitz-September-26-2023"]
[Site "Chess.com"]
[Date "2023.09.26"]
[Round "9"]
[White "mishanick"]
[Black "Hrant_ChessMood"]
[Result "1-0"]
[WhiteElo "3100"]
[BlackElo "2910"]
[TimeControl "180+1"]
[EndTime "15:39:23 PDT"]
[Termination "mishanick won by resignation"]

1. d4 d5 2. c4 e6 3. Nc3 Nf6 4. cxd5 exd5 5. Bf4 Bd6 6. Bxd6 Qxd6 7. e3 c6 8. Bd3 Nbd7 9. Nf3 Nf8 10. h3 Ng6 11. O-O O-O 12. Qc2 Re8 13. Rab1 a5 14. a3 Be6 15. b4 axb4 16. axb4 b5 17. Rfc1 Nd7 18. Ne2 Rec8 19. Ng5 Nb6 20. Nxe6 fxe6 21. Bxg6 hxg6 22. Qxg6 Nc4 23. Nf4 Re8 24. Ra1 Qxb4 25. Rxa8 Rxa8 26. Qxe6+ Kh7 27. Qg6+ Kh8 28. Qxc6 Ra2 29. Qe8+ Kh7 30. Qh5+ Kg8 31. Qxd5+ Kh8 32. Ng6+ Kh7 33. Qh5+ Kg8 34.
Qh8+ Kf7 35. Ne5+ Kf6 36. Qd8+ Ke6 37. Qg8+ Kf6 38. Qf7+ 1-0

[Event "Late-Titled-Tuesday-Blitz-September-26-2023"]
[Site "Chess.com"]
[Date "2023.09.26"]
[Round "9"]
[White "Alphafischer2019"]
[Black "scandalgod"]
[Result "1-0"]
[WhiteElo "2593"]
[BlackElo "2491"]
[TimeControl "180+1"]
[EndTime "15:39:24 PDT"]
[Termination "Alphafischer2019 won by resignation"]

1. Nf3 d5 2. g3 Nf6 3. Bg2 c6 4. O-O Bf5 5. d3 e6 6. b3 Be7 7. Nh4 Bg4 8. h3 Bh5 9. Bb2 O-O 10. g4 Nfd7 11. Nf3 Bg6 12. Nbd2 c5 13. e3 Nc6 14. Qe2 Bf6 15. c3 Re8 16. Ne1 a5 17. f4 h6 18.
Nef3 a4 19. bxa4 Rxa4 20. e4 c4 21. d4 dxe4 22. Nxe4 Nb6 23. Ne5 Bxe5 24. fxe5 Nd5 25. Nc5 Ra7 26. Rf2 b6 27. Ne4 Qa8 28. Nd6 Ree7 29.
Qxc4 Ne3 30. Qxc6 Nxg2 31. Qxa8+ Rxa8 32. Kxg2 1-0

[Event "Late-Titled-Tuesday-Blitz-September-26-2023"]
[Site "Chess.com"]
[Date "2023.09.26"]
[Round "9"]
[White "Colombiano07"]
[Black "ferrufino64"]
[Result "0-1"]
[WhiteElo "2347"]
[BlackElo "2206"]
[TimeControl "180+1"]
[EndTime "15:39:27 PDT"]
[Termination "ferrufino64 won by checkmate"]

1. d4 d5 2. Nf3 Nf6 3. c4 e6 4.
Nc3 Be7 5. Bg5 O-O 6. e3 b6 7.
Bxf6 Bxf6 8. cxd5 exd5 9. Bd3 c6 10. Qd2 a5 11. O-O-O b5 12. h4 Bg4 13. Kb1 Bxf3 14. gxf3 a4 15. e4 b4 16. Ne2 dxe4 17. Bxe4 Ra6 18.
Nf4 Rb6 19. Nh5 g6 20. Rhg1 Nd7 21. Nxf6+ Nxf6 22. h5 Nxh5 23. Qh6 Rb5 24. d5 a3 25.
Qxh5 Qf6 26. Rd2 b3 27. Qg5 bxa2+ 28. Ka1 axb2+ 29. Kxa2 b1=Q+ 30. Rxb1 Ra8# 0-1

[Event "Late-Titled-Tuesday-Blitz-September-26-2023"]
[Site "Chess.com"]
[Date "2023.09.26"]
[Round "9"]
[White "NicholasTakano"]
[Black "Zampronha1971"]
[Result "0-1"]
[WhiteElo "2385"]
[BlackElo "2295"]
[TimeControl "180+1"]
[EndTime "15:39:28 PDT"]
[Termination "Zampronha1971 won by resignation"]

1. e4 c5 2. Nf3 e6 3. d4 cxd4 4.
Nxd4 Nc6 5. Nc3 Qc7 6. g3 a6 7. Bg2 Nf6 8. O-O Be7 9. Be3 Ne5 10. Qe2 d6 11. Rad1 O-O 12. Bc1 Bd7 13. f4 Nc6 14.
Nf3 Rfd8 15. b3 Rac8 16. Bb2 Be8 17. Rd2 b5 18. Rfd1 b4 19. Nb1 d5 20. e5 Ne4 21.
Rd3 Bc5+ 22. Kf1 Nf2 23. Nbd2 Nxd1 24. Qxd1 a5 25. c3 Ne7 26. Nb1 Bb5 27. Ne1 bxc3 28.
Nxc3 Bxd3+ 29. Nxd3 Bb4 30. Nb5 Qc2 31. Qf3 Nf5 32.
g4 Qb1+ 0-1

[Event "Late-Titled-Tuesday-Blitz-September-26-2023"]
[Site "Chess.com"]
[Date "2023.09.26"]
[Round "9"]
[White "dropstoneDP"]
[Black "MagnusCarlsen"]
[Result "1-0"]
[WhiteElo "3128"]
[BlackElo "3280"]
[TimeControl "180+1"]
[EndTime "15:39:29 PDT"]
[Termination "dropstoneDP won by resignation"]

1. e4 c5 2. Nf3 b6 3. d4 cxd4 4. Nxd4 Bb7 5. Nc3 a6 6. Bg5 Qc7 7. Nd5 Bxd5 8. exd5 Qe5+ 9. Be3 Qxd5 10. Be2 Qe5 11. Qd2 Nf6 12. Bf3 Ra7 13. O-O-O Qc7 14. Rhe1 e6 15. Bf4 Qc8 16. Nf5 d5 17. g4 Rd7 18. g5 Ne4 19. Bxe4 dxe4 20. Nd6+ Bxd6 21. Bxd6 Nc6 22. Qc3 Rg8 23. Rxe4 Ne7 24. Rc4 Qd8 25. Qb4 Nd5 26. Rxd5 exd5 27. Qe1+ Re7 28. Bxe7 Qd7 29. Bf6+ Kf8 30. Rc8+ 1-0

[Event "Late-Titled-Tuesday-Blitz-September-26-2023"]
[Site "Chess.com"]
[Date "2023.09.26"]
[Round "9"]
[White "Chessbard1972"]
[Black "Shuvalov"]
[Result "0-1"]
[WhiteElo "2375"]
[BlackElo "2471"]
[TimeControl "180+1"]
[EndTime "15:39:31 PDT"]
[Termination "Shuvalov won by resignation"]

1. d4 Nf6 2. Nf3 g6 3. c4 Bg7 4. g3 c6 5. Bg2 d5 6. Nc3 O-O 7. cxd5 cxd5 8. Ne5 Nc6 9. f4 Bf5 10. O-O Rc8 11. h3 Ne4 12. Nxe4 Bxe4 13. Nf3 Bxf3 14. Bxf3 Nxd4 15. Bg2 e6 16. e3 Nf5 17. Kh2 Qb6 18. Qe2 Nd6 19. Rb1 Ne4 20. Rd1 Nc3 21.
bxc3 Qxb1 22. Ba3 Qb6 23. Bxf8 Bxf8 24. Qd3 Bg7 25. Rc1 Qb2 26. Rc2 Qa3 27. e4 d4 28. e5 Rxc3 29. Rxc3 dxc3 30. Qc2 b5 31. Be4 a5 32. Qb3 Qxb3 33. axb3 a4 34. bxa4 bxa4 35. Bc2 a3 36. Bb3 a2 37. Bxa2 c2 0-1

[Event "Late-Titled-Tuesday-Blitz-September-26-2023"]
[Site "Chess.com"]
[Date "2023.09.26"]
[Round "9"]
[White "K_alena13"]
[Black "maurovargas01"]
[Result "1-0"]
[WhiteElo "2089"]
[BlackElo "1896"]
[TimeControl "180+1"]
[EndTime "15:39:33 PDT"]
[Termination "K_alena13 won on time"]

1. Nf3 Nc6 2. d4 d5 3. c4 e6 4. Nc3 a6 5. e3 Nf6 6. Bd3 dxc4 7.
Bxc4 b5 8. Bd3 Bb7 9. O-O Bd6 10. a3 O-O 11. e4 e5 12. dxe5 Nxe5 13. Nxe5 Bxe5 14.
f4 Bd4+ 15. Kh1 Bxc3 16. bxc3 Bxe4 17. Bxe4 Nxe4 18. Qf3 f5 19. g4 Nd2 20. Bxd2 Qxd2 21. Rad1 Qa2 22. gxf5 Rae8 23. Qd5+ Qxd5+ 24. Rxd5 Rf6 25. Rc5 c6 26. Rf2 Re1+ 27. Kg2 1-0

[Event "Late-Titled-Tuesday-Blitz-September-26-2023"]
[Site "Chess.com"]
[Date "2023.09.26"]
[Round "9"]
[White "agustinv04"]
[Black "aranibos"]
[Result "0-1"]
[WhiteElo "2344"]
[BlackElo "2291"]
[TimeControl "180+1"]
[EndTime "15:39:39 PDT"]
[Termination "aranibos won by resignation"]

1. e4 c6 2. d4 d5 3. exd5 cxd5 4. Bd3 a6 5. c3 Nc6 6. Bf4 Nf6 7. Nf3 Bg4 8. Nbd2 e6 9. O-O Bd6 10. Bxd6 Qxd6 11.
h3 Bxf3 12. Nxf3 O-O 13. a4 e5 14. dxe5 Nxe5 15. Nxe5 Qxe5 16. Re1 Qc7 17. Qb3 Rad8 18. Rad1 Rd6 19. Be2 h6 20. Bf3 Rfd8 21. Rd4 Qc6 22.
Red1 b5 23. axb5 axb5 24. Qb4 Qb6 25. g3 g6 26. Kg2 Kg7 27. b3 Qc6 28. c4 bxc4 29.
bxc4 Ne8 30. Bxd5 Qc7 31. c5 Rxd5 32. Rxd5 Qc6 33. Qd4+ Nf6 34. Kh2 Rxd5 0-1

[Event "Late-Titled-Tuesday-Blitz-September-26-2023"]
[Site "Chess.com"]
[Date "2023.09.26"]
[Round "9"]
[White "gordonzyxu"]
[Black "azikom"]
[Result "0-1"]
[WhiteElo "2206"]
[BlackElo "2617"]
[TimeControl "180+1"]
[EndTime "15:39:40 PDT"]
[Termination "azikom won by resignation"]

1. e4 c5 2. Nf3 e6 3. d4 cxd4 4. Nxd4 a6 5. c4 g6 6. Nc3 Bg7 7. Be3 Ne7 8. Bd3 O-O 9. O-O d5 10. Re1 dxc4 11. Bxc4 Nbc6 12. Nxc6 Nxc6 13. Qe2 b5 14. Bb3 Bb7 15. Rad1 Qc7 16. f4 Na5 17. Bc2 Nc4 18. Bc1 Rad8 19. h4 Nxb2 20. Rxd8 Rxd8 21. Bxb2 Bxc3 22. Bxc3 Qxc3 23. Bb3 Rd2 24. Qe3 Qxe3+ 25. Rxe3 a5 26. a4 bxa4 27. Bxa4 h5 28. Bb5 Kg7 29. Be2 a4 30. Kf2 Ba6 31. f5 exf5 32.
exf5 Rxe2+ 33. Rxe2 Bxe2 34. Kxe2 a3 35. fxg6 a2 36.
gxf7 a1=Q 37. f8=Q+ Kxf8 38. Kf3 Qf6+ 39. Kg3 Qe5+ 40.
Kh3 Qc3+ 41. Kh2 Kf7 42. g3 Kf6 43. Kh3 Kf5 0-1

[Event "Late-Titled-Tuesday-Blitz-September-26-2023"]
[Site "Chess.com"]
[Date "2023.09.26"]
[Round "9"]
[White "IngOscarArdila"]
[Black "UK_23"]
[Result "1-0"]
[WhiteElo "2387"]
[BlackElo "2444"]
[TimeControl "180+1"]
[EndTime "15:39:42 PDT"]
[Termination "IngOscarArdila won by resignation"]

1. d4 d5 2. c4 e6 3. Nc3 Nf6 4. Bg5 Be7 5. e3 O-O 6. Nf3 b6 7. Bd3 Bb7 8. O-O dxc4 9. Bxc4 Nbd7 10. Qe2 c5 11. Rfd1 cxd4 12. Nxd4 Qb8 13. Rac1 Ne5 14. Bf4 Bd6 15. Ndb5 Nxc4 16. Nxd6 e5 17. Qxc4 exf4 18. Qxf4 Bc6 19. e4 a6 20. e5 Nd7 21. Nd5 Bxd5 22. Rxd5 Nc5 23. b4 Ne6 24. Qe3 a5 25. b5 a4 26. f4 a3 27. f5 Nc5 28. f6 g6 29. Qh6 Ne6 30. Ne4 Kh8 31. Ng5 1-0

[Event "Late-Titled-Tuesday-Blitz-September-26-2023"]
[Site "Chess.com"]
[Date "2023.09.26"]
[Round "9"]
[White "Polish_fighter3000"]
[Black "Jospem"]
[Result "0-1"]
[WhiteElo "3081"]
[BlackElo "3017"]
[TimeControl "180+1"]
[EndTime "15:39:45 PDT"]
[Termination "Jospem won by resignation"]

1. d4 Nf6 2. c4 e6 3. Nc3 Bb4 4.
Qc2 d6 5. e4 c5 6. d5 Qe7 7. Ne2 exd5 8. exd5 Nbd7 9. Bd2 Ne5 10. a3 Ba5 11. O-O-O O-O 12. Ng3 a6 13. Re1 Qd8 14. h3 b5 15. cxb5 axb5 16. Bxb5 c4 17. Kb1 Bd7 18. Bxd7 Qxd7 19. Nge4 Nxe4 20. Rxe4 Rfb8 21.
f4 Nd3 22. Bc1 Bxc3 23. Qxc3 Qf5 24. Rhe1 Nxe1 0-1

[Event "Late-Titled-Tuesday-Blitz-September-26-2023"]
[Site "Chess.com"]
[Date "2023.09.26"]
[Round "9"]
[White "Verony64"]
[Black "ritanovikova"]
[Result "0-1"]
[WhiteElo "2261"]
[BlackElo "2181"]
[TimeControl "180+1"]
[EndTime "15:39:47 PDT"]
[Termination "ritanovikova won by checkmate"]

1. e4 d5 2. e5 c5 3. f4 Nc6 4. Nf3 Bg4 5. d3 e6 6. c3 f6 7. exf6 Nxf6 8. g3 Be7 9. Bg2 O-O 10. O-O Qe8 11. Qe1 Qh5 12. Nbd2 Rae8 13. Qf2 Bd6 14. Re1 Kh8 15. Nb3 b6 16. Ng5 h6 17. Nf3 Nd7 18.
Bd2 e5 19. Nh4 g5 20. Bxd5 Ne7 21. Qg2 gxh4 22. h3 Bxh3 23. Qxh3 Nxd5 24. Qxd7 hxg3 25. Be3 Nxe3 26. Rxe3 Qh2+ 27. Kf1 Qf2# 0-1

[Event "Late-Titled-Tuesday-Blitz-September-26-2023"]
[Site "Chess.com"]
[Date "2023.09.26"]
[Round "9"]
[White "EsmeraldasAnderson03"]
[Black "Arteler"]
[Result "0-1"]
[WhiteElo "2434"]
[BlackElo "2593"]
[TimeControl "180+1"]
[EndTime "15:39:48 PDT"]
[Termination "Arteler won by resignation"]

1. d4 d5 2. c4 c6 3. cxd5 cxd5 4. Nc3 Nc6 5. Bf4 Nf6 6. e3 e6 7. Nf3 Be7 8. Rc1 O-O 9. Bd3 a6 10. O-O Bd7 11. h3 b5 12. a4 b4 13. Nb1 Na5 14.
Bc7 Qe8 15. Bxa5 Bxa4 16. b3 Bb5 17. Bc7 a5 18. Qe2 Bxd3 19. Qxd3 Ne4 20. Nbd2 Nc3 21. Nb1 Ne4 22. Nfd2 Nf6 23. e4 dxe4 24. Nxe4 Nd5 25. Bd6 f5 26. Nbd2 fxe4 27. Nxe4 Bxd6 28. Nxd6 Qd7 29. Ne4 Nf4 30. Qc4 Qxd4 31. Qxd4 Ne2+ 32. Kh2 Nxd4 33. Rb1 Rac8 34. Rfd1 Rfd8 35. Rd3 Rd5 36. Rbd1 Nxb3 37. Rxd5 exd5 38. Rxd5 a4 39. Rb5 a3 40. Rxb4 a2 41. Rxb3 a1=Q 42. Ng3 Qe5 43. Re3 Qf4 44.
Rf3 Qd6 45. h4 Rc4 46. Kh3 Qe6+ 0-1

[Event "Late-Titled-Tuesday-Blitz-September-26-2023"]
[Site "Chess.com"]
[Date "2023.09.26"]
[Round "9"]
[White "Smiechu"]
[Black "dedpihto_v_kozhanom_palto"]
[Result "0-1"]
[WhiteElo "2544"]
[BlackElo "2703"]
[TimeControl "180+1"]
[EndTime "15:39:50 PDT"]
[Termination "dedpihto_v_kozhanom_palto won by checkmate"]

1. e4 c5 2. Nf3 d6 3. d4 cxd4 4. Nxd4 Nf6 5. Nc3 a6 6. Be3 e5 7. Nb3 Be6 8. Qd2 Be7 9. O-O-O Nbd7 10. f4 exf4 11. Bxf4 Ne5 12. Kb1 O-O 13. h3 Rc8 14. g4 b5 15. g5 Nh5 16. Bxe5 dxe5 17. Qe2 Qc7 18. Qxh5 b4 19. Nd5 Qxc2+ 20. Ka1 Bxd5 21. Bd3 g6 22. Qf3 Bxb3 23. Bxc2 Bxc2 24. Rdg1 b3 25.
a3 Bc5 26. h4 Bd4 27. h5 Rc5 28.
Rd1 Bxd1 29. Rxd1 Rfc8 30. Qf1 Rc2 31. Qxa6 Rc1+ 32. Rxc1 Rxc1# 0-1

[Event "Late-Titled-Tuesday-Blitz-September-26-2023"]
[Site "Chess.com"]
[Date "2023.09.26"]
[Round "9"]
[White "Andrej2004"]
[Black "Cambek64"]
[Result "0-1"]
[WhiteElo "2568"]
[BlackElo "2476"]
[TimeControl "180+1"]
[EndTime "15:39:50 PDT"]
[Termination "Cambek64 won by resignation"]

1. Nf3 b5 2. a4 b4 3. c3 e6 4. g3 Bb7 5. Bg2 Nf6 6. O-O a5 7.
d4 Be7 8. Nbd2 O-O 9. Nc4 d5 10. Nce5 c5 11. dxc5 Bxc5 12. Nd3 Bd6 13. cxb4 axb4 14. Nd4 Nc6 15. Nb5 Bb8 16. Bd2 Ne4 17.
Nxb4 Nxd2 18. Qxd2 Qa5 19. b3 Qxb4 20. Qb2 Be5 21.
Qc2 Bxa1 22. Rxa1 Nd4 23. Nxd4 Qxd4 24. Rd1 Qb4 25. e3 Rfc8 26. Qb1 Rc3 27. h3 Rxb3 28.
Qc2 Rc8 29. Qa2 Rb2 30. Qa1 g6 31. a5 Ba6 32. Rd4 Rb1+ 33. Kh2 Rxa1 34. Rxb4 Rxa5 35. e4 dxe4 36. Rxe4 Bb7 0-1

[Event "Late-Titled-Tuesday-Blitz-September-26-2023"]
[Site "Chess.com"]
[Date "2023.09.26"]
[Round "9"]
[White "victormago"]
[Black "Chempiblinka"]
[Result "0-1"]
[WhiteElo "2505"]
[BlackElo "2324"]
[TimeControl "180+1"]
[EndTime "15:39:52 PDT"]
[Termination "Chempiblinka won by resignation"]

1. d4 Nf6 2. c4 g6 3. Nc3 Bg7 4. e4 d6 5. Be2 O-O 6. Bg5 c5 7. d5 h6 8. Be3 Qa5 9. Qd2 b5 10. cxb5 a6 11. bxa6 Bxa6 12. Bxa6 Nxa6 13. Nge2 Qb4 14.
f3 Rfb8 15. Rb1 Nd7 16. O-O Kh7 17. b3 Qa3 18. Na4 Nb4 19. Nec3 Nb6 20. Rf2 Nxa4 21. Nxa4 c4 22. Nb6 c3 23. Qc1 Qxc1+ 24. Bxc1 Rxa2 25.
Rxa2 Nxa2 26. Nd7 Rb7 27. Ra1 Nxc1 28. Rxc1 Rxd7 0-1

[Event "Late-Titled-Tuesday-Blitz-September-26-2023"]
[Site "Chess.com"]
[Date "2023.09.26"]
[Round "9"]
[White "bylavochka"]
[Black "FERNANDEZL1983"]
[Result "0-1"]
[WhiteElo "2313"]
[BlackElo "2534"]
[TimeControl "180+1"]
[EndTime "15:39:56 PDT"]
[Termination "FERNANDEZL1983 won on time"]

1. e4 c5 2. Nf3 a6 3. d4 cxd4 4. Nxd4 Nf6 5. Nc3 e5 6. Nb3 Bb4 7. Bd3 O-O 8. O-O Bxc3 9. bxc3 d6 10. Ba3 Qc7 11. f4 Ng4 12. Qd2 Nc6 13. h3 Nf6 14. fxe5 Nxe5 15. Rxf6 gxf6 16. Rf1 Be6 17. Rxf6 Rac8 18.
Bb2 Kh8 19. c4 Rg8 20. c5 Qe7 21. Qf4 Rg7 22. cxd6 Nxd3 23. dxe7 Nxf4 24. Rxf4 Re8 25. Bf6 Kg8 26. Nc5 Rg6 27. e5 Bxh3 28. Nxb7 Bxg2 29.
Nd6 Rb8 30. Kf2 Bc6 31. Rc4 Be8 32. Rc8 Rxc8 33. Nxc8 Rg4 34. Nd6 Bd7 35. Ke3 Ra4 0-1

[Event "Late-Titled-Tuesday-Blitz-September-26-2023"]
[Site "Chess.com"]
[Date "2023.09.26"]
[Round "9"]
[White "rose107"]
[Black "MeisterJabo"]
[Result "1-0"]
[WhiteElo "2148"]
[BlackElo "2297"]
[TimeControl "180+1"]
[EndTime "15:40:01 PDT"]
[Termination "rose107 won by checkmate"]

1. e4 e5 2. Nf3 Nc6 3. Bc4 Nf6 4. d4 exd4 5. Nxd4 Bc5 6. Nxc6 bxc6 7. O-O O-O 8. Bg5 d6 9. Nc3 h6 10. Bh4 Be6 11.
Bxe6 fxe6 12. Na4 Bb6 13. Nxb6 axb6 14. Bxf6 Qxf6 15. c3 Ra5 16. Qd3 Rg5 17. f4 Rg4 18. f5 Qg5 19. Qf3 exf5 20. exf5 Rf6 21. Qxc6 Kh7 22.
Qf3 h5 23. Rae1 h4 24. Re8 b5 25. Qd5 h3 26. Qg8+ Kh6 27. Qh8# 1-0

[Event "Late-Titled-Tuesday-Blitz-September-26-2023"]
[Site "Chess.com"]
[Date "2023.09.26"]
[Round "9"]
[White "Dhaydon19"]
[Black "IgorBjelobrk"]
[Result "0-1"]
[WhiteElo "2727"]
[BlackElo "2642"]
[TimeControl "180+1"]
[EndTime "15:40:03 PDT"]
[Termination "IgorBjelobrk won by checkmate"]

1. d4 e6 2. Nf3 c5 3. e3 b6 4. Bd3 Bb7 5. Nbd2 Nf6 6. b3 Nc6 7. a3 cxd4 8. exd4 d5 9. O-O Bd6 10. Bb2 O-O 11. Re1 Rc8 12. Ne5 Qc7 13. Qf3 Ne7 14. a4 Ne4 15. Qe2 Bb4 16. Bxe4 dxe4 17. c3 Bd6 18. Nxe4 Bxe5 19. dxe5 Qxe5 20. Ng3 Qxe2 21.
Rxe2 Rfd8 22. c4 Rd3 23. Re3 Rxe3 24. fxe3 Rd8 25. Bd4 e5 26. Bxe5 Rd2 27. e4 Ng6 28. Bc3 Rc2 29. Bd4 Nf4 30. Bf2 h5 31. h4 f5 32.
exf5 Bxg2 33. Rd1 Bf3 34. Rd8+ Kh7 35. Be3 Nh3+ 36. Kf1 Rc3 37. Bd4 Rc1# 0-1

[Event "Late-Titled-Tuesday-Blitz-September-26-2023"]
[Site "Chess.com"]
[Date "2023.09.26"]
[Round "9"]
[White "BeautiFullMindChess"]
[Black "MaxLeto"]
[Result "0-1"]
[WhiteElo "2375"]
[BlackElo "2498"]
[TimeControl "180+1"]
[EndTime "15:40:03 PDT"]
[Termination "MaxLeto won on time"]

1. e4 c5 2. Nf3 d6 3. d4 cxd4 4. Nxd4 Nf6 5. Nc3 a6 6. f3 e6 7.
Be3 b5 8. g4 h6 9. Qd2 Nbd7 10.
O-O-O Bb7 11. a3 d5 12. exd5 Nxd5 13. Nxd5 Bxd5 14. Be2 Rc8 15. Kb1 Qc7 16. Rhf1 Nb6 17. f4 Nc4 18. Bxc4 Qxc4 19. Nb3 Be7 20. Bd4 O-O 21. Bc3 Be4 22. Ka1 Rfd8 23. Qf2 Bxa3 24. Rxd8+ Rxd8 25. Re1 Bd5 26. f5 Bb4 27. Bxb4 Qxb4 28.
f6 a5 29. Nc1 a4 30. fxg7 a3 31. bxa3 Qxa3+ 32. Kb1 Ra8 0-1

[Event "Late-Titled-Tuesday-Blitz-September-26-2023"]
[Site "Chess.com"]
[Date "2023.09.26"]
[Round "9"]
[White "micke12a"]
[Black "valemava"]
[Result "1-0"]
[WhiteElo "2355"]
[BlackElo "2393"]
[TimeControl "180+1"]
[EndTime "15:40:03 PDT"]
[Termination "micke12a won by resignation"]

1. e3 Nf6 2. Nf3 b6 3. b3 Bb7 4. c4 c5 5. Bb2 e6 6. Nc3 Be7 7.
d4 cxd4 8. Nxd4 O-O 9. Rg1 a6 10. g4 Ne4 11. Qf3 d5 12. Nxe4 dxe4 13. Qg3 Nc6 14.
g5 Nxd4 15. Bxd4 Bb4+ 16. Ke2 Re8 17. Qe5 Bf8 18. h4 b5 19. cxb5 axb5 20. h5 Qb8 21.
Qxb8 Rexb8 22. Rg4 Bd5 23. Bg2 Bxb3 24. axb3 Rxa1 25. Bxa1 Ra8 26. Bc3 Ra2+ 27. Ke1 Rc2 28. Bd2 Rb2 29. b4 Bxb4 30. Bxb4 Rxb4 31. Rxe4 Rb1+ 32.
Ke2 Rb2+ 33. Kf3 Kf8 34. h6 gxh6 35. gxh6 Ke7 36. Rg4 b4 37. Bf1 b3 38. Rb4 Rb1 39. Bd3 Rb2 40. Bxh7 Ra2 41. Rxb3 Ra1 42. Bd3 Rh1 43. h7 Kf6 44. Rb4 Kg7 45. Rg4+ Kf6 46.
Rg8 Rh3+ 47. Kg2 Rh5 48. h8=Q+ Rxh8 49. Rxh8 Ke5 50. Rh7 f5 51. f4+ Kd5 52. Kf3 Kd6 53. Rh6 Kd5 54. Bxf5 exf5 55. Rf6 Kc4 56. Rxf5 Kd3 57.
e4 1-0